 Dungeon Crawl Stone Soup version 0.30-a0-140-gd1020e658a (webtiles) character file.

Game seed: 11208055772531949741

21 qw the Shield-Bearer (level 2, -4/19 HPs)
             Began as a Gargoyle Fighter on Sept 24, 2022.
             Killed by divine providence
             ... invoked by an orc priest
              (12 damage)
             ... on level 2 of the Dungeon.
             The game lasted 00:00:19 (1420 turns).

qw the Shield-Bearer (Gargoyle Fighter)             Turns: 1420, Time: 00:00:19

Health: -4/19      AC:  9    Str: 19    XL:     2   Next: 87%
Magic:  2/2        EV:  9    Int:  8    God:
Gold:   47         SH:  4    Dex:  9    Spells: 1/1 levels left

rFire   . . .      SeeInvis .    Y - +1 war axe
rCold   . . .      Faith    .    c - +0 buckler
rNeg    + . .      Spirit   .    b - +0 scale mail
rPois   inf        Reflect  .    (no helmet)
rElec   +          Harm     .    (no cloak)
rCorr   .          Rampage  .    (no gloves)
Will    .....                    (no boots)
Stlth   ..........               (no amulet)
HPRegen 0.06/turn                (no ring)
MPRegen 0.08/turn                (no ring)

@: no status effects
A: sickness immunity, AC +2, negative energy resistance 1, electricity
resistance, torment resistance 1, petrification resistance
a: no special abilities


You were on level 2 of the Dungeon.
You visited 1 branch of the dungeon, and saw 2 of its levels.

You collected 47 gold pieces.


Innate Abilities, Weirdness & Mutations

You are immune to sickness and miasma.
Your stone body is resilient. (AC +2)
You are immune to poison.
You resist negative energy. (rN+)
You are resistant to electric shocks. (rElec)
You are resistant to unholy torment.
You are immune to petrification.


   Skills:
 - Level 3.2 Fighting
 + Level 3.0 Axes
 - Level 3.2 Armour
 - Level 3.2 Shields


You had one spell level left.
You didn't know any spells.
Your spell library was empty.

Inventory:

Hand Weapons
 f - a +0 flail
 Y - a +1 war axe (weapon)
Missiles
 e - 2 boomerangs (quivered)
Armour
 b - a +0 scale mail (worn)
 c - a +0 buckler (worn)
Potions
 a - a potion of berserk rage {unknown}
 d - 3 potions of might
 g - a potion of heal wounds {unknown}
 h - a potion of degeneration {unknown}
 i - 3 potions of curing {unknown}

Dungeon Overview and Level Annotations

Branches:
Dungeon (2/15)

Altars:


Message History

The ball python barely misses you. The ball python constricts you.
You slash the ball python!
You kill the ball python!
You start resting.
HP restored.
You see here a ball python corpse.
Found an escape hatch in the floor.
A goblin comes into view. It is wielding a +0 club.
The goblin shouts!
You barely miss the goblin. You block the goblin's attack.
The goblin hits you with a +0 club.
You slash the goblin!
You kill the goblin!
Your Axes skill increases to level 3!
You start resting.
HP restored.
There is an escape hatch in the floor here.
You now have 47 gold pieces (gained 8). 3 orcs and an orc priest come into view.
The orc shouts! x3; The orc priest shouts!
The orc moves out of view.
An orc comes into view. It is wielding a +0 mace.
You closely miss the orc priest.
The orc shouts!
The orc priest hits you with a +0 short sword.
The orc priest barely misses you.
You hit the orc priest.
The orc priest is lightly wounded.
The orc priest calls down the wrath of Beogh upon you.
Beogh smites you!
You slash the orc priest!
The orc priest is severely wounded.
The orc priest mumbles some strange prayers to Beogh against you.
You barely resist. You hit the orc priest.
The orc priest is almost dead.
The orc priest mumbles some strange prayers to Beogh against you.
Beogh smites you!
Ouch! That really hurt!
You die...

#.# ##.. #.# .... .
.o. ##########.# #o#
#.......# #o#
####.##..... #o#
...%........ #o#
####...#########@#
#...#...........#
##.#.#.##.....########
.....#.##.............
.....#.##.....########
.......##.....#
....#####.....#
.........>....#
#########)....#


You could see an orc priest and 4 orcs.

Vanquished Creatures
  2 endoplasms (D:1)
  A goblin (D:2)
  A hobgoblin (D:1)
  5 kobolds
  2 quokkas
  3 ball pythons
  2 frilled lizards
  2 rats
18 creatures vanquished.

Notes
Turn   | Place    | Note
-------+----------+-------------------------------------------
     0 | D:1      | qw the Gargoyle Fighter began the quest for the Orb.
     0 | D:1      | Reached XP level 1. HP: 14/14 MP: 1/1
     0 | D:1      | 0 ||| qw: Version: 0.1.0-9-gbc19398
     0 | D:1      | 0 ||| qw: Game counter: 39
     0 | D:1      | 0 ||| qw: Always use a shield: true
     0 | D:1      | 0 ||| qw: God list: Okawaru
     0 | D:1      | 0 ||| qw: Allow faded altars: false
     0 | D:1      | 0 ||| qw: Do Orc after D:15 true
     0 | D:1      | 0 ||| qw: Do second Lair branch before Depths: true
     0 | D:1      | 0 ||| qw: Lair rune preference: random
     0 | D:1      | 0 ||| qw: Plans: Normal, Zot:1-4, God:TSO, Crypt, Tomb,
                  | Pan, Slime:5, Hells, Abyss, Orb
     0 | D:1      | 0 ||| PLANNING D:1-11
    44 | D:1      | 44 ||| Stepping ~*~*~tactically~*~*~ (stealth).
   136 | D:1      | 136 ||| Stepping ~*~*~tactically~*~*~ (stealth).
   151 | D:1      | Reached XP level 2. HP: 12/19 MP: 2/2
   899 | D:1      | 899 ||| READING scroll labelled BIOS QOTWUA.
   900 | D:1      | 900 ||| READING scroll labelled ZAUGUO WIUVOIXT.
   901 | D:1      | 901 ||| READING scroll labelled AKLUHISEAFF.
   902 | D:1      | 902 ||| READING scroll labelled QON PY CID.
   905 | D:1      | 905 ||| READING scroll labelled ZICSOK MIOGGEIZ.
   906 | D:1      | 906 ||| READING scroll labelled EKHOTO WERU.
  1070 | D:2      | 1070 ||| DROPPING +0 whip.
  1334 | D:2      | Reached skill level 3 in Axes
  1420 | D:2      | Killed from afar by an orc priest

Levels and vault maps discovered:
D:1:      scummos_arrival_star, layout_loops_cross, roderic_malta_cross
D:2:      layout_basic, hellmonk_ecumenical_altar_prayer_group

Skill      XL: |  1  2 |
---------------+-------+-----
Axes           | 2 3 |  3.0
Fighting       | |  3.2
Armour         | |  3.2
Shields        | |  3.2

Action                   || total
-------------------------++-------
Melee: War axe           ||    42
Throw: Boomerang         ||     6
  Use: Scroll            ||     6
Armor: Scale mail        ||    11
Dodge: Dodged            ||    16
Block: Buckler           ||     7

Table legend:
 A = Non-vault XP
 B = Vault XP
 C = Vault XP percentage of total XP
 D = Non-vault monster count
 E = Vault monster count
 F = Vault count percentage of total count
                 A         B        C        D         E       F
            +---------+---------+-------+---------+---------+-------
      Total |      31 |       0 |   0.0 |      18 |       0 |   0.0
            +---------+---------+-------+---------+---------+-------
        D:1 |      19 |       0 |   0.0 |      11 |       0 |   0.0
        D:2 |      12 |       0 |   0.0 |       7 |       0 |   0.0
            +---------+---------+-------+---------+---------+-------
